 Dungeon Crawl Stone Soup version 0.30-b1-2-g02819fbbbe (webtiles) character file.

Game seed: 1470475673544512504

13 Alarkh the Charlatan (level 2, 11/23 HPs)
             Began as a Demonspawn Artificer on July 11, 2023.
             Got out of the dungeon alive.
             The game lasted 00:00:18 (149 turns).

Alarkh the Charlatan (Demonspawn Artificer)          Turns: 149, Time: 00:00:20

Health: 11/23      AC:  3    Str: 12    XL:     2   Next: 24%
Magic:  2/2        EV: 11    Int: 12    God:
Gold:   15         SH:  0    Dex: 13    Spells: 1/1 levels left

rFire   . . .        a - +0 club
rCold   . . .        (no shield)
rNeg    . . .        b - +0 leather armour
rPois   .            (helmet restricted)
rElec   .            (no cloak)
rCorr   .            (no gloves)
SInv    .            (no boots)
Will    .....        (no amulet)
Stlth   +            (no ring)
HPRegen 0.23/turn    (no ring)
MPRegen 0.08/turn

%: no passive effects
@: no status effects
A: horns 1
a: no special abilities


You escaped.
You visited 1 branch of the dungeon, and saw 1 of its levels.

You collected 15 gold pieces.

Inventory:

Hand Weapons
 a - a +0 club (weapon)
Armour
 b - a +0 leather armour (worn)
Wands
 c - a wand of flame (11) (quivered)
 d - a wand of charming (15)
 e - a wand of iceblast (4)
Potions
 f - a potion of degeneration {unknown}


   Skills:
 + Level 2.3 Fighting
 - Level 1.7 Armour
 - Level 0.8 Dodging
 - Level 0.8 Stealth
 - Level 3.0 Evocations


You had one spell level left.
You didn't know any spells.
Your spell library was empty.

Dungeon Overview and Level Annotations

Branches:
Dungeon (1/15)

Altars:


Innate Abilities, Weirdness & Mutations

You have a pair of small horns on your head.


Message History

Aiming: Throw Flame
Press: ? - help, Shift-Dir - straight line, f - gnoll
Aim: a gnoll, wielding a +0 whip (75% to hit)
The puff of flame misses the gnoll.
The gnoll barely misses you.
Aiming: Throw Flame
Press: ? - help, Shift-Dir - straight line, f/p - gnoll
Aim: a gnoll, wielding a +0 whip (75% to hit)
The puff of flame hits the gnoll.
The gnoll is moderately wounded.
The gnoll barely misses you.
Aiming: Throw Flame
Press: ? - help, Shift-Dir - straight line, f/p - gnoll
Aim: a gnoll, wielding a +0 whip (moderately wounded, 75% to hit)
The puff of flame hits the gnoll.
The gnoll is severely wounded.
The gnoll hits you with a +0 whip.
* * * LOW HITPOINT WARNING * * *
Aiming: Throw Flame
Press: ? - help, Shift-Dir - straight line, f/p - gnoll
Aim: a gnoll, wielding a +0 whip (severely wounded, 75% to hit)
The puff of flame hits the gnoll.
The gnoll is almost dead.
The gnoll hits you with a +0 whip.
* * * LOW HITPOINT WARNING * * *
Aiming: Iceblast
Press: ? - help, Shift-Dir - straight line, p - gnoll The mass of ice explodes!
The iceblast engulfs the gnoll!
You kill the gnoll!
You hear an angry hiss. x3
Your Fighting skill increases to level 2!
You have reached level 2!
Your demonic ancestry asserts itself...
A pair of horns grows on your head!
Unknown command.
You see here a rat corpse.
There is an open door here.
There is an open door here.
There is a staircase leading out of the dungeon here.
Are you sure you want to leave the Dungeon?
This will make you lose the game!
You have escaped!

#. #. ##. ## ##.
#####..###.###..
........#..##...
.(........##....
#####......#....###
####...####.....####
###.........###'###
#......@......'.+
###.........###+#
####...#### #####


There were no monsters in sight!

Vanquished Creatures
  A gnoll (D:1)
  2 endoplasms (D:1)
  A rat (D:1)
4 creatures vanquished.

Notes
Turn   | Place    | Note
-------+----------+-------------------------------------------
     0 | D:1      | Alarkh the Demonspawn Artificer began the quest for the
                  | Orb.
     0 | D:1      | Reached XP level 1. HP: 15/15 MP: 1/1
   108 | D:1      | Gained mutation: You have a pair of small horns on your
                  | head. [demonic ancestry]
   108 | D:1      | Reached XP level 2. HP: 2/23 MP: 2/2
   149 | D:$      | Got out of the dungeon alive.

Illustrated notes

Levels and vault maps discovered:
D:1:      elethiomel_arrival_infinity_welcomes_careful_drivers,
          layout_loops_cross, chequers_ecumenical_altar_island, minmay_ruptured

Skill      XL: |  1 |
---------------+----+-----
Fighting       | 2 |  2.3
Armour         | |  1.7
Dodging        | |  0.8
Stealth        | |  0.8
Evocations     | |  3.0

Action                     || total
---------------------------++-------
  Melee: Club              ||     9
  Evoke: Wand              ||     5
   Stab: Sleeping          ||     1
 Armour: Leather armour    ||     2
  Dodge: Dodged            ||     5
